 Dungeon Crawl Stone Soup version 0.28.0-53-g5a82cb258f (webtiles) character file.

Game seed: 3579171653696041645

793 MalarOregon the Chopper (level 7, -8/58 HPs)
             Began as a Palentonga Fighter on June 16, 2022.
             Was a Follower of Ru.
             Mangled by an orc warrior
             ... wielding a +0 short sword
              (17 damage)
             ... on level 7 of the Dungeon.
             The game lasted 00:09:01 (3734 turns).

MalarOregon the Chopper (Palentonga Fighter)        Turns: 3734, Time: 00:09:01

Health: -8/58      AC: 12    Str: 27    XL:     7   Next: 57%
Magic:  7/7        EV:  9    Int:  9    God:    Ru [*.....]
Gold:   23         SH:  3    Dex:  9    Spells: 6/6 levels left

rFire   . . .      SeeInvis +   b - +2 falchion (elec)
rCold   . . .      Faith    .   c - +0 buckler
rNeg    . . .      Spirit   .   r - +1 robe "Tiseuz" {rPois}
rPois   +          Reflect  .   (no helmet)
rElec   .          Harm     .   (no cloak)
rCorr   .          Rampage  .   (no gloves)
Will    .....                   (no barding)
Stlth   +.........              (no amulet)
HPRegen 0.19/turn               l - +6 ring of strength
MPRegen 0.10/turn               (no ring)

@: curled up
A: large, rugged brown scales 3, see invisible, deformed body, unskilled 1, roll
1, armoured tail, reflexive curl
a: Rolling Charge, Renounce Religion


You were on level 7 of the Dungeon.
You worshipped Ru.
Ru was aware of your devotion.
You visited 1 branch of the dungeon, and saw 5 of its levels.

You collected 205 gold pieces.
You spent 182 gold pieces at shops.


Innate Abilities, Weirdness & Mutations

You are completely covered in rugged brown scales. (AC +3, +7% HP)
You have supernaturally acute eyesight. (SInv)
Armour fits poorly on your strangely shaped body.
You are somewhat unskilled. (-1 Apt)
You can roll at nearby foes to attack.
You have a long armoured tail.
You curl defensively after being hit. (AC +7*)


   Skills:
 + Level 4.3 Fighting
 * Level 5.1 Axes
 + Level 3.6 Armour
 + Level 2.5 Dodging
 - Level 2.1 Shields


You had 6 spell levels left.
You didn't know any spells.
Your spell library was empty.

Inventory:

Hand Weapons
 a - a +0 war axe
 b - a +2 falchion of electrocution (weapon)
   (You took it off an orc on level 3 of the Dungeon)
Missiles
 n - 9 poisoned darts (quivered)
Armour
 c - a +0 buckler (worn)
 r - the +1 robe "Tiseuz" (worn) {rPois}
   (You found it on level 3 of the Dungeon)

   rPois:     It protects you from poison.
Jewellery
 g - a ring of ice
   (You found it on level 1 of the Dungeon)
 l - a +6 ring of strength (left hand)
   (You found it on level 1 of the Dungeon)
Wands
 o - a wand of charming (15)
   (You found it on level 2 of the Dungeon)
Scrolls
 e - 2 scrolls of teleportation {unknown}
 h - a scroll of fog {unknown}
 i - 3 scrolls of magic mapping {unknown}
 j - 9 scrolls of identify {unknown}
 m - a scroll of blinking {unknown}
 t - a scroll of noise {unknown}
 u - 2 scrolls of enchant weapon {unknown}
 v - a scroll of amnesia {unknown}
Potions
 d - 2 potions of might
 f - 2 potions of flight {unknown}
 k - a potion of attraction {unknown}
 p - a potion of resistance
 q - 2 potions of curing {@q1}
 s - a potion of haste {unknown}

Dungeon Overview and Level Annotations

Branches:
Dungeon (4/15)
 Temple: D:4-7

Altars:
Ashenzari
Okawaru
Ru

Shops:
D:4

! ...)z......§.......
...........†.......
...........$#
.......#'.#.#####
........z.......#
....#...#§....# #
#.##...####..# .#
#⌠.##'##.⌠#..##########.##
#....†z...#..@...§........
##..))...#####o.§.§.......
#.......#...#....§.......
+..._...§)D§§............
#.......#§..#............
#........#.###...........o
...........................
..#⌠...+#..⌠#..##...........
#.##.#...#.#..###...........


You could see an orc warrior.


Message History

You hit the orc. The orc hits you but does no damage.
An orc opens the door.
You hit the orc.
You kill the orc!
A water moccasin comes into view.
Found a hunting sling.
The water moccasin hisses angrily.
A wight comes into view. It is wielding a +3 hand axe.
Aiming: Charm
Press: ? - help, Shift-Dir - straight line, f - orc warrior
Aim: an orc warrior, wielding a +0 short sword and wearing a +0 plate armour (chance to affect: 49%)
The orc warrior is charmed.
The water moccasin bites you but does no damage.
The water moccasin closely misses you.
You swap places.
The orc hits you but does no damage.
The water moccasin bites your orc warrior but does no damage.
Things that are here:
a +0 dagger; an orc corpse You barely miss the orc.
The water moccasin bites your orc warrior.
The orc hits you but does no damage. The orc barely misses you.
Your orc warrior hits the orc with a +0 short sword.
Your orc warrior hits the orc with a +0 short sword!
The orc dies!
The water moccasin bites you.
You barely miss the water moccasin.
The water moccasin bites you but does no damage.
Your orc warrior misses the water moccasin.
Something unseen opens the door.
The water moccasin barely misses you.
You closely miss the water moccasin.
Your orc warrior closely misses the water moccasin.
The water moccasin bites you!
A wight comes into view.
It is wielding a +2 long sword of electrocution.
Your orc warrior hits the water moccasin with a +0 short sword!
You barely miss the water moccasin. The water moccasin bites you.
You are poisoned.
The water moccasin poisons you!
Something unseen breaks down the door.
The water moccasin barely misses you.
Your orc warrior hits the water moccasin with a +0 short sword!
The wight hits you but does no damage.
You completely miss the water moccasin.
You feel very sick. The water moccasin bites you.
Your orc warrior hits the water moccasin with a +0 short sword!
The water moccasin dies!
You block the wight's attack.
You feel sick.
You feel sick.
You feel sick.
The wight hits you with a +2 long sword of electrocution!
* * * LOW HITPOINT WARNING * * *
There is an open door here.
You feel sick.
Your orc warrior hits the wight with a +0 short sword.
You feel sick.
You feel sick.
You feel sick.
Aiming: Charm
Press: ? - help, Shift-Dir - straight line, f - wight, p - orc warrior
Aim: a wight, wielding a +2 long sword of electrocution and wearing a +0 robe (moderately damaged, ally target, chance to affect: 49%)
The wight is charmed.
You feel sick.
You are no longer poisoned.
What are your orders? t - Shout!
Orders for allies: a - Attack new target. p - Attack previous target. r - Retreat! s - Stop attacking. g - Guard the area. f - Follow me.
Anything else - Cancel.
Gang up on whom?
Press: ? - help, Dir - move target, f - steam dragon, p - wight
Aim: a steam dragon (lightly wounded) Attack!
You redirect the steam dragon's attack!
The steam dragon breathes steam at the wight.
The ball of steam hits the wight!
Something hits the steam dragon but does no damage.
The wight is engulfed in a cloud of scalding steam.
The wight is destroyed!
The steam dragon bites something but does no damage.
The steam dragon claws something.
Your wight barely misses the steam dragon.
Something hits the steam dragon.
The steam dragon bites something.
The steam dragon claws something but does no damage.
Your wight is engulfed in a cloud of scalding steam.
Your wight closely misses the steam dragon.
Something closely misses the steam dragon.
Your wight hits the steam dragon with a +2 long sword of electrocution!
Lightning courses through the steam dragon!
The steam dragon breathes steam at you. The ball of steam hits your wight!!
Your wight is destroyed!
The ball of steam hits you!
* * * LOW HITPOINT WARNING * * *
You feel a bit more experienced.
Your Axes skill increases to level 5!
You start resting.
Your orc warrior is engulfed in a cloud of scalding steam.
The orc warrior is no longer charmed.
The orc warrior hits you with a +0 short sword!
You die...

Skill      XL: |  1  2  3  4  5  6  7 |
---------------+----------------------+-----
Dodging        | 1 2 |  2.5
Axes           | 3 3 4 5 |  5.1
Armour         | 3 3 |  3.6
Fighting       | 4 |  4.3
Shields        | |  2.1

Action                   |  1- 3 |  4- 6 |  7- 9 || total
-------------------------+-------+-------+-------++-------
Melee: War axe           |    77 |    24 |       ||   101
       Tailslap          |     5 |    11 |       ||    16
       Short sword       |       |    67 |       ||    67
       Falchion          |       |    14 |     7 ||    21
Invok: Sacrifice Skill   |       |     1 |       ||     1
 Abil: Rolling Charge    |     6 |     9 |       ||    15
Evoke: Wand              |       |     4 |     2 ||     6
Armor: Scale mail        |    30 |    17 |       ||    47
       Robe              |       |    15 |     6 ||    21
Dodge: Dodged            |    28 |    41 |     4 ||    73
Block: Buckler           |    13 |    17 |     2 ||    32

Levels and vault maps discovered:
D:1:      nzn_arrival_depleted_hourglass, layout_basic,
          shapermc_ecumenical_altar_acropolis
D:2:      kennysheep_six_static_rooms, layout_rooms, basic_altar
D:3:      layout_basic, okawaru_ov_weapons_minmay, serial_glass,
          glass_columns_b, glass_columns_a, glass_columns_a, glass_columns_a,
          glass_columns_a, glass_columns_a, due_unseen_surprise,
          item_on_display_a, minmay_strange_pillars, feat_on_display
D:4:      layout_gridville, serial_shops, nicolae_shop_crystal
D:7:      layout_basic, evilmike_ruin_ashenzari, biasface_ghost_orc_armoury,
          uniq_prince_ribbit1

Notes
Turn   | Place    | Note
-------+----------+-------------------------------------------
     0 | D:1      | MalarOregon the Palentonga Fighter began the quest for the
                  | Orb.
     0 | D:1      | Reached XP level 1. HP: 19/19 MP: 1/1
   298 | D:1      | Reached XP level 2. HP: 14/25 MP: 2/2
   520 | D:1      | Found a faded altar of an unknown god.
  1092 | D:2      | Reached XP level 3. HP: 25/31 MP: 3/3
  1387 | D:2      | Reached skill level 1 in Dodging
  1446 | D:2      | Found a sacrificial altar of Ru.
  1458 | D:2      | Became a worshipper of Ru the Awakened
  1474 | D:2      | Reached skill level 3 in Axes
  1511 | D:2      | Reached XP level 4. HP: 37/37 MP: 4/4
  1837 | D:2      | Identified the +1 short sword "Jallofur" {drain, Fragile
                  | rElec Str+6 Int+3}
  2009 | D:3      | Reached skill level 3 in Armour
  2115 | D:3      | Identified the +1 robe "Tiseuz" {rPois}
  2377 | D:3      | Reached XP level 5. HP: 42/44 MP: 5/5
  2566 | D:3      | Found an iron altar of Okawaru.
  2710 | D:3      | Reached skill level 4 in Axes
  2711 | D:3      | Gained mutation: You are somewhat unskilled. (-1 Apt) [Ru
                  | sacrifice]
  2711 | D:3      | Reduced skill Axes to level 3
  2711 | D:3      | Reduced skill Armour to level 2
  2711 | D:3      | Reached * piety under Ru
  3208 | D:4      | Noticed a necrophage
  3210 | D:4      | Killed a necrophage
  3211 | D:4      | Reached skill level 3 in Armour
  3211 | D:4      | Reached XP level 6. HP: 51/51 MP: 6/6
  3223 | D:4      | Reached skill level 4 in Axes
  3391 | D:4      | Found Jaleotoh's Distillery.
  3402 | D:4      | Bought a potion of curing for 42 gold pieces
  3402 | D:4      | Bought a potion of resistance for 140 gold pieces
  3642 | D:4      | You fall into a shaft and drop 3 floors!
  3643 | D:7      | Noticed a steam dragon
  3668 | D:7      | Reached skill level 2 in Dodging
  3679 | D:7      | Reached skill level 4 in Fighting
  3681 | D:7      | Noticed an orc warrior
  3684 | D:7      | Gained mutation: You curl defensively after being hit. (AC
                  | +7*) [Palentonga growth]
  3684 | D:7      | Reached XP level 7. HP: 47/57 MP: 7/7
  3689 | D:7      | Found a broken altar of Ashenzari.
  3726 | D:7      | HP: 7/57 [something/ball of steam (12)]
  3728 | D:7      | Killed a steam dragon
  3729 | D:7      | Reached skill level 5 in Axes
  3734 | D:7      | Mangled by an orc warrior

Vanquished Creatures
  A necrophage (D:4)
  A water moccasin zombie (D:3)
  A hound (D:4)
  An orc wizard (D:3)
  A hound skeleton (D:2)
  5 adders
  An adder skeleton (D:4)
  4 worms
  A dart slug (D:3)
  8 orcs
  7 ball pythons
  3 bats
  4 endoplasms (D:2)
  5 giant cockroaches
  6 goblins
  8 hobgoblins
  2 kobolds (D:3)
  6 quokkas
  3 frilled lizards
  2 rats
70 creatures vanquished.

Vanquished Creatures (collateral kills)
  A steam dragon (D:7)
  A water moccasin (D:7)
  A bullfrog (D:7)
  A wyvern zombie (D:7)
  2 wights (D:7)
  An orc (D:7)
7 creatures vanquished.

Vanquished Creatures (others)
  2 wights (D:7)
2 creatures vanquished.

Grand Total: 79 creatures vanquished

Table legend:
 A = Non-vault XP
 B = Vault XP
 C = Vault XP percentage of total XP
 D = Non-vault monster count
 E = Vault monster count
 F = Vault count percentage of total count
                 A         B        C        D         E       F
            +---------+---------+-------+---------+---------+-------
      Total |    1123 |      10 |   0.9 |      72 |       6 |   7.7
            +---------+---------+-------+---------+---------+-------
        D:1 |      32 |       0 |   0.0 |      18 |       0 |   0.0
        D:2 |      85 |      10 |  10.5 |      20 |       6 |  23.1
        D:3 |     175 |       0 |   0.0 |      21 |       0 |   0.0
        D:4 |     182 |       0 |   0.0 |       4 |       0 |   0.0
        D:7 |     649 |       0 |   0.0 |       9 |       0 |   0.0
            +---------+---------+-------+---------+---------+-------

Illustrated notes

Table legend:
 A = Kills in this place as a percentage of kills in entire the game.
 B = Kills by you in this place as a percentage of kills by you in the entire game.
 C = Kills by friends in this place as a percentage of kills by friends in the entire game.
 D = Other kills in this place as a percentage of other kills in the entire game.
 E = Experience gained in this place as a percentage of experience gained in the entire game.
 F = Experience gained in this place divided by the number of levels of this place that you have seen.
                   A       B       C       D       E      F
               +-------+-------+-------+-------+-------+----------------------
         Total | 100.0 | 100.0 | 100.0 | 100.0 | 100.0 | 226.6
       Dungeon | 100.0 | 100.0 | 100.0 | 100.0 | 100.0 | 226.6
               +-------+-------+-------+-------+-------+----------------------

Table legend: (Time is in decaauts)
 A = Elapsed time spent in this place.
 B = Non-inter-level travel time spent in this place.
 C = Inter-level travel time spent in this place.
 D = Time resting spent in this place.
 E = Time spent auto-exploring this place.
 F = Levels seen in this place.
 G = Mean time per level.
                   A        B        C        D        E       F      G
               +--------+--------+--------+--------+--------+-----+--------+
         Total |   3789 |   3700 |     89 |    476 |   2559 |   5 |  757.8 |
       Dungeon |   3789 |   3700 |     89 |    476 |   2559 |   5 |  757.8 |
               +--------+--------+--------+--------+--------+-----+--------+

Top non-repeatable levels by time:
     D:3: 1211 daAuts
     D:1: 1123 daAuts
     D:2: 884 daAuts
     D:4: 477 daAuts
     D:7: 94 daAuts
